[Event "ICC tourney 2463 (45 10)"]
[Site "Internet Chess Club"]
[Date "2021.03.20"]
[Round "3"]
[White "CHEN, RYO WENYU:e4f5"]
[Black "REMPE, JONAS JAKOB RAZA:Drachekokosnuss"]
[Result "1-0"]
[ICCResult "Black resigns"]
[WhiteElo "2308"]
[BlackElo "2100"]
[Opening "Ruy Lopez: Anderssen variation"]
[ECO "C77"]
[NIC "RL.12"]
[Time "16:01:56"]
[PlyCount "67"]
[TimeControl "2700+10"]

1. e4 e5 2. Nf3 Nc6 3. Bb5 a6 4. Ba4 Nf6 5. d3 b5 6. Bb3 Be7 7. O-O O-O 8.
Bd5 Bd6 9. Bg5 h6 10. Bh4 g5 11. Bxc6 dxc6 12. Bg3 Nh5 13. Bxe5 Bxe5 14.
Nxe5 Nf4 15. g3 Nh3+ 16. Kg2 Qd4 17. Nxc6 Qxb2 18. Ne7+ Kh7 19. Nd2 Bd7 20.
Nf5 Bxf5 21. exf5 g4 22. Qxg4 Ng5 23. h4 Qxc2 24. hxg5 Qxd2 25. g6+ Kg7 26.
Rh1 Rad8 27. Rh5 f6 28. Rah1 Rh8 29. Qe4 Rd7 30. Re1 Qxa2 31. Qc6 Rhd8 32.
Rxh6 Qd5+ 33. Qxd5 Rxd5 34. Rh7+ { Black resigns } 1-0

[Event "ICC tourney 2463 (45 10)"]
[Site "Internet Chess Club"]
[Date "2021.03.20"]
[Round "3"]
[White "NGO, BACH:Dking135799"]
[Black "ZENG, ELBERT:investigator"]
[Result "1-0"]
[ICCResult "Black resigns"]
[WhiteElo "2251"]
[BlackElo "2084"]
[Opening "Pirc: classical system, 5.Be2"]
[ECO "A48"]
[NIC "PU.01"]
[Time "16:01:57"]
[PlyCount "91"]
[TimeControl "2700+10"]

1. d4 Nf6 2. Nf3 g6 3. Nc3 Bg7 4. e4 d6 5. Be2 O-O 6. O-O Bg4 7. Be3 Nc6 8.
Qc1 e5 9. dxe5 dxe5 10. Rd1 Qc8 11. h3 Bxf3 12. Bxf3 Qe6 13. Nd5 Rac8 14.
c3 Nd7 15. Be2 Kh8 16. b4 Nb6 17. Qc2 f5 18. f3 f4 19. Bc5 Rfd8 20. a4 Nxd5
21. Qb3 Nce7 22. Bxe7 Qxe7 23. Rxd5 c6 24. Rxd8+ Rxd8 25. Rd1 Rd6 26. Rxd6
Qxd6 27. Qf7 h6 28. Bc4 Qd1+ 29. Kh2 Qd8 30. Qxb7 h5 31. Qxc6 Qg5 32. Qe8+
Kh7 33. Kg1 Qg3 34. Kf1 Qh2 35. Qd7 Qh1+ 36. Kf2 Qc1 37. Qxa7 Qxc3 38. Qc5
Qd2+ 39. Kg1 Qd1+ 40. Kh2 Qxa4 41. b5 g5 42. b6 g4 43. b7 g3+ 44. Kg1 Qa1+
45. Bf1 Qb2 46. Qa7 { Black resigns } 1-0

[Event "ICC tourney 2463 (45 10)"]
[Site "Internet Chess Club"]
[Date "2021.03.20"]
[Round "3"]
[White "HU, MERRIC:edmehu"]
[Black "SLADE, THEODORE LUKE:MrNormalName"]
[Result "1/2-1/2"]
[ICCResult "Game drawn by repetition"]
[WhiteElo "2227"]
[BlackElo "2166"]
[Opening "Giuoco Piano"]
[ECO "C50"]
[NIC "IG.02"]
[Time "16:02:35"]
[PlyCount "62"]
[TimeControl "2700+10"]

1. e4 e5 2. Nf3 Nc6 3. Bc4 Bc5 4. O-O Nf6 5. d3 O-O 6. c3 d6 7. Bg5 h6 8.
Bh4 g5 9. Bg3 Bb6 10. Bb3 Ne7 11. Re1 Ng6 12. d4 Qe7 13. a4 a6 14. Qd3 Nh5
15. Na3 Nhf4 16. Qe3 h5 17. Bxf4 gxf4 18. Qd3 Kh7 19. Nc4 Ba7 20. Kh1 Rg8
21. Bd1 Be6 22. Qe2 Bg4 23. h3 Be6 24. d5 Bd7 25. Ng1 Qh4 26. Rf1 Kh6 27.
Nf3 Qf6 28. Ng1 Qg5 29. Nf3 Qf6 30. Ng1 Qg5 31. Nf3 Qf6 { Game drawn by
repetition } 1/2-1/2

[Event "ICC tourney 2463 (45 10)"]
[Site "Internet Chess Club"]
[Date "2021.03.20"]
[Round "3"]
[White "PARK, EVAN:espark"]
[Black "YAN, RUIYANG:jy2020"]
[Result "1/2-1/2"]
[ICCResult "Game drawn by mutual agreement"]
[WhiteElo "2328"]
[BlackElo "2226"]
[Opening "English: Neo-Catalan"]
[ECO "A13"]
[NIC "RE.11"]
[Time "16:01:49"]
[PlyCount "72"]
[TimeControl "2700+10"]

1. c4 Nf6 2. g3 e6 3. Nf3 d5 4. Bg2 d4 5. O-O c5 6. e3 Nc6 7. exd4 cxd4 8.
d3 Bd6 9. Na3 a6 10. Nc2 e5 11. b4 O-O 12. Rb1 Re8 13. a4 h6 14. Re1 Bg4
15. h3 Bh5 16. b5 axb5 17. axb5 Na5 18. g4 Bg6 19. Nh4 Bh7 20. Nf5 Bxf5 21.
gxf5 Qd7 22. Bd2 Qxf5 23. Qf3 Qxf3 24. Bxf3 Bc5 25. Bxa5 Rxa5 26. Bxb7 Nh5
27. Bc6 Re6 28. Bd5 Rg6+ 29. Kf1 Ra2 30. Rxe5 Rxc2 31. Rxh5 Rf6 32. f3 Rg6
33. Be4 Rgg2 34. Rxc5 Rcf2+ 35. Ke1 Re2+ 36. Kf1 Ref2+ { Game drawn by
mutual agreement } 1/2-1/2

[Event "ICC tourney 2463 (45 10)"]
[Site "Internet Chess Club"]
[Date "2021.03.20"]
[Round "3"]
[White "MANGALAM, SHREYA:mangolamb"]
[Black "NASH, DAMIAN:AlohaKauai"]
[Result "1/2-1/2"]
[ICCResult "Game drawn by repetition"]
[WhiteElo "2098"]
[BlackElo "2019"]
[Opening "Caro-Kann: exchange variation"]
[ECO "B13"]
[NIC "CK.02"]
[Time "16:02:35"]
[PlyCount "78"]
[TimeControl "2700+10"]

1. e4 c6 2. d4 d5 3. exd5 cxd5 4. Bd3 Nf6 5. h3 Nc6 6. c3 e6 7. Nf3 Bd6 8.
O-O h6 9. Re1 O-O 10. Nbd2 Qc7 11. Qe2 Nd7 12. Nf1 e5 13. dxe5 Ndxe5 14.
Nxe5 Bxe5 15. Qf3 Be6 16. Bd2 Rad8 17. Rad1 a6 18. Ne3 Bh2+ 19. Kh1 Ne5 20.
Qe2 Nxd3 21. Qxd3 Bf4 22. Nc2 Bxd2 23. Qxd2 b5 24. Nd4 Bc8 25. f4 Rfe8 26.
Rf1 Re4 27. f5 Qg3 28. Rf3 Qg5 29. Qf2 Rde8 30. f6 g6 31. Nc6 Be6 32. Ne7+
Kh7 33. Rf1 Qe5 34. Qb6 Qb8 35. Qxa6 Ra4 36. Qc6 Rc4 37. Qa6 Ra4 38. Qc6
Rc4 39. Qa6 Ra4 { Game drawn by repetition } 1/2-1/2

[Event "ICC tourney 2463 (45 10)"]
[Site "Internet Chess Club"]
[Date "2021.03.20"]
[Round "3"]
[White "Foerster-Yialamas, Lucas:LucasFY2007"]
[Black "LANCMAN, KYLE B:Kyle2007"]
[Result "0-1"]
[ICCResult "White resigns"]
[WhiteElo "2100"]
[BlackElo "2049"]
[Opening "Sicilian: accelerated fianchetto, Maróczy bind"]
[ECO "B36"]
[NIC "SI.33"]
[Time "16:01:43"]
[PlyCount "82"]
[TimeControl "2700+10"]

1. e4 c5 2. Nf3 g6 3. d4 cxd4 4. Nxd4 Nc6 5. c4 Nf6 6. Nc3 d6 7. Be2 Nxd4
8. Qxd4 Bg7 9. Be3 O-O 10. Qd2 Be6 11. O-O Qa5 12. f3 Rfc8 13. b4 Qd8 14.
c5 dxc5 15. Qxd8+ Rxd8 16. bxc5 Ng4 17. fxg4 Bxc3 18. Rab1 b6 19. Rbc1 Bd2
20. Bxd2 Rxd2 21. Bc4 Bxc4 22. Rxc4 bxc5 23. Rxc5 Rb8 24. Rc3 Rbb2 25. Rg3
Rxa2 26. g5 a5 27. h4 Re2 28. Rg4 Ra4 29. Rgf4 Raa2 30. Rg4 a4 31. Kh1 a3
32. e5 Rab2 33. e6 Rxe6 34. Rgf4 a2 35. Rxf7 Rf6 36. gxf6 Kxf7 37. fxe7+
Kxe7 38. Re1+ Kf7 39. Rf1+ Kg7 40. h5 Rb1 41. h6+ Kxh6 { White resigns }
0-1

[Event "ICC tourney 2463 (45 10)"]
[Site "Internet Chess Club"]
[Date "2021.03.20"]
[Round "3"]
[White "BELOUS, VLADIMIR:Openyagami"]
[Black "HEBDEN, MARK L:mhebden"]
[Result "1/2-1/2"]
[ICCResult "Game drawn by mutual agreement"]
[WhiteElo "2607"]
[BlackElo "2503"]
[Opening "King's Indian: Makagonov system (5.h3)"]
[ECO "E71"]
[NIC "KI.30"]
[Time "16:01:41"]
[PlyCount "141"]
[TimeControl "2700+10"]

1. d4 Nf6 2. c4 g6 3. Nc3 Bg7 4. e4 d6 5. h3 O-O 6. Be3 a5 7. g4 e5 8. d5
Na6 9. Nge2 h5 10. f3 Nh7 11. Qd2 h4 12. Bg2 Nc5 13. f4 exf4 14. Nxf4 b6
15. O-O a4 16. Rae1 Ba6 17. Bd4 Be5 18. Bxe5 dxe5 19. Nd3 Qd6 20. Nb5 Bxb5
21. cxb5 Ra5 22. Nxc5 Qxc5+ 23. Kh1 Rxb5 24. Rc1 Qe7 25. Rc4 Rc5 26. Rxa4
Qg5 27. Qd3 Nf6 28. Rc4 Rxc4 29. Qxc4 Ne8 30. Qc1 Qe7 31. Rf2 Nd6 32. Rc2
Rc8 33. Rc6 Kg7 34. a4 Ne8 35. b3 Ra8 36. Bf3 Ra7 37. Kg2 Nd6 38. Qe3 g5
39. Bd1 Qf6 40. Bc2 Qf4 41. Qxf4 gxf4 42. b4 Kf6 43. Kf3 Kg5 44. Bb3 f6 45.
Rc3 Kg6 46. Bc2 Nf7 47. Ra3 Ng5+ 48. Kg2 Kf7 49. a5 bxa5 50. bxa5 Ke7 51.
a6 Kd6 52. Bd3 c6 53. dxc6 Kxc6 54. Rc3+ Kd6 55. Rb3 Kc7 56. Rc3+ Kd6 57.
Rc8 Ne6 58. Bb5 Nc7 59. Rd8+ Kc5 60. Be2 Nxa6 61. g5 Nb4 62. g6 Rg7 63. Bh5
Nc6 64. Rf8 Nd4 65. Rxf6 Kc4 66. Rf5 Kd3 67. Rxe5 Ra7 68. Rg5 f3+ 69. Kh1
f2 70. Kg2 Ke3 71. Rc5 { Game drawn by mutual agreement } 1/2-1/2

[Event "ICC tourney 2463 (45 10)"]
[Site "Internet Chess Club"]
[Date "2021.03.20"]
[Round "3"]
[White "IVANOV, ALEXANDER:marble"]
[Black "Vittal, Sanjana:MCTS13"]
[Result "1-0"]
[ICCResult "Black forfeits on time"]
[WhiteElo "2506"]
[BlackElo "2196"]
[Opening "Ruy Lopez: Steinitz defense deferred (Russian defense)"]
[ECO "C79"]
[NIC "RL.10"]
[Time "16:01:43"]
[PlyCount "85"]
[TimeControl "2700+10"]

1. e4 e5 2. Nf3 Nc6 3. Bb5 a6 4. Ba4 d6 5. O-O Nf6 6. c3 b5 7. Bb3 Na5 8.
Bc2 g6 9. d4 exd4 10. cxd4 Bg7 11. Nc3 O-O 12. Bf4 Bb7 13. Re1 Nh5 14. Bg5
Qc8 15. b3 c5 16. Rc1 cxd4 17. Nd5 Bxd5 18. exd5 Qb7 19. Qd2 Qb6 20. Bh6
Nf6 21. Bxg7 Kxg7 22. Nxd4 Qd8 23. Bb1 Re8 24. Rxe8 Nxe8 25. h3 Rc8 26.
Rxc8 Qxc8 27. Be4 Nb7 28. g4 Nf6 29. Bf3 Qd8 30. Qc3 h6 31. h4 Qa5 32. b4
Qxa2 33. g5 hxg5 34. hxg5 Ne8 35. Ne2+ Kh7 36. Qc8 Qb3 37. Kg2 Ng7 38. Qxb7
Qxb4 39. Qxf7 Qd2 40. Qe7 b4 41. Ng3 b3 42. Ne4 Qf4 43. Nf6+ { Black
forfeits on time } 1-0

[Event "ICC tourney 2463 (45 10)"]
[Site "Internet Chess Club"]
[Date "2021.03.20"]
[Round "3"]
[White "ALEKSANDROV, ALEKSEJ:Aleksandrov73"]
[Black "SRINIAIYER, SUDARSHAN:Ambuli123"]
[Result "1-0"]
[ICCResult "Black resigns"]
[WhiteElo "2629"]
[BlackElo "2170"]
[Opening "QGD: Janowski variation"]
[ECO "D31"]
[NIC "QP.08"]
[Time "16:01:41"]
[PlyCount "107"]
[TimeControl "2700+10"]

1. d4 d5 2. c4 e6 3. Nc3 a6 4. cxd5 exd5 5. Nf3 Nf6 6. Bg5 Be6 7. e3 Nbd7
8. Ne5 c6 9. Bd3 Be7 10. f4 g6 11. O-O Nxe5 12. dxe5 Nd7 13. Bh6 Qb6 14.
Qe2 O-O-O 15. Kh1 f6 16. exf6 Nxf6 17. e4 dxe4 18. Nxe4 Bg4 19. Qf2 Qxf2
20. Nxf2 Rhe8 21. Bg7 Nh5 22. Be5 Be6 23. a3 Nf6 24. h3 Nd5 25. g3 Bf6 26.
Rfe1 Bxe5 27. Rxe5 Nc7 28. Rae1 Bd5+ 29. Kh2 Rxe5 30. Rxe5 Be6 31. g4 Rd5
32. Re3 b5 33. Ne4 Rd4 34. Ng5 Bc4 35. Bxc4 Rxc4 36. Kg3 Nd5 37. Rf3 Nf6
38. f5 gxf5 39. Rxf5 Ne4+ 40. Kh4 Nxg5 41. Kxg5 Rc2 42. h4 Rxb2 43. Kh6 Rg2
44. g5 Rg4 45. h5 Rh4 46. Rf7 c5 47. Rxh7 c4 48. Ra7 c3 49. Rxa6 Kd7 50.
Rf6 c2 51. Rf1 Ke7 52. g6 Rf4 53. Rc1 Rf2 54. Kg7 { Black resigns } 1-0

[Event "ICC tourney 2463 (45 10)"]
[Site "Internet Chess Club"]
[Date "2021.03.20"]
[Round "3"]
[White "SHEEHAN, ETHAN THOMAS:Chessking2008"]
[Black "TSAY, VINCENT:coolsportsguy"]
[Result "0-1"]
[ICCResult "White checkmated"]
[WhiteElo "2196"]
[BlackElo "2318"]
[Opening "QGD: semi-Slav, Marshall gambit"]
[ECO "D31"]
[NIC "SL.06"]
[Time "16:02:05"]
[PlyCount "190"]
[TimeControl "2700+10"]

1. d4 d5 2. c4 e6 3. Nc3 c6 4. e4 dxe4 5. Nxe4 c5 6. dxc5 Qxd1+ 7. Kxd1 Nf6
8. Nxf6+ gxf6 9. Be3 Na6 10. Nf3 Bxc5 11. Bxc5 Nxc5 12. b4 Ne4 13. Ke1 b6
14. Bd3 Bb7 15. Bxe4 Bxe4 16. Ke2 Rg8 17. g3 Rg4 18. Rhc1 Rd8 19. Rc3 Bb7
20. Rac1 Ke7 21. Nd2 f5 22. f3 Rg6 23. f4 Rh6 24. h4 Rg6 25. a4 Rgg8 26.
Nb3 Rc8 27. Re3 Rgd8 28. Rcc3 Rd7 29. c5 Rdc7 30. Kd2 Bd5 31. Nd4 bxc5 32.
Nb5 Rd7 33. Rxc5 Be4+ 34. Ke2 Rcd8 35. Rc7 Rxc7 36. Nxc7 Rd4 37. Rb3 Bc2
38. Nb5 Re4+ 39. Re3 Bxa4 40. Nxa7 Rxb4 41. Rd3 Bd7 42. Rc3 Rb2+ 43. Ke3 f6
44. Nc8+ Kd8 45. Nd6 Rg2 46. Kf3 Rd2 47. Nb7+ Ke7 48. Rc7 e5 49. fxe5 fxe5
50. Nc5 Kd8 51. Ra7 Ke7 52. Ke3 Rd5 53. Nd3 Kf6 54. Ra6+ Be6 55. Rc6 Ke7
56. Rc7+ Bd7 57. Ra7 h6 58. Rb7 Kd6 59. Rb8 Ra5 60. Rb3 Bb5 61. Ne1 Bc6 62.
Nd3 Ra4 63. Rb6 Ra3 64. Ke2 Kc7 65. Rxc6+ Kxc6 66. Nxe5+ Kd5 67. Nf3 h5 68.
Kf2 f4 69. gxf4 Ke4 70. Ng5+ Kxf4 71. Ne6+ Kg4 72. Nd4 Kxh4 73. Nf3+ Kg4
74. Ne5+ Kh3 75. Ng6 h4 76. Ne5 Ra5 77. Nc4 Ra2+ 78. Kf3 Rc2 79. Ne5 Rc5
80. Ng6 Rf5+ 81. Nf4+ Rxf4+ 82. Kxf4 Kg2 83. Kg4 h3 84. Kg5 h2 85. Kg6 h1=Q
86. Kg7 Qh5 87. Kg8 Qh6 88. Kf7 Kf3 89. Kg8 Ke4 90. Kf7 Ke5 91. Kg8 Qg6+
92. Kh8 Qf6+ 93. Kh7 Qg5 94. Kh8 Kf6 95. Kh7 Qg7# { White checkmated } 0-1

[Event "ICC tourney 2463 (45 10)"]
[Site "Internet Chess Club"]
[Date "2021.03.20"]
[Round "4"]
[White "REMPE, JONAS JAKOB RAZA:Drachekokosnuss"]
[Black "NASH, DAMIAN:AlohaKauai"]
[Result "1/2-1/2"]
[ICCResult "Game drawn by mutual agreement"]
[WhiteElo "2100"]
[BlackElo "2019"]
[Opening "Scandinavian defense"]
[ECO "B01"]
[NIC "SD.03"]
[Time "18:32:33"]
[PlyCount "23"]
[TimeControl "2700+10"]

1. e4 d5 2. exd5 Nf6 3. Nf3 Nxd5 4. d4 Bg4 5. Be2 e6 6. c4 Bb4+ 7. Bd2
Bxd2+ 8. Qxd2 Nf6 9. Nc3 Nc6 10. O-O-O Qe7 11. d5 O-O-O 12. Rhe1 { Game
drawn by mutual agreement } 1/2-1/2

[Event "ICC tourney 2463 (45 10)"]
[Site "Internet Chess Club"]
[Date "2021.03.20"]
[Round "4"]
[White "YAN, RUIYANG:jy2020"]
[Black "HU, MERRIC:edmehu"]
[Result "1/2-1/2"]
[ICCResult "Game drawn by mutual agreement"]
[WhiteElo "2226"]
[BlackElo "2227"]
[Opening "Sicilian: accelerated fianchetto, Maróczy bind"]
[ECO "B36"]
[NIC "SI.33"]
[Time "18:32:33"]
[PlyCount "51"]
[TimeControl "2700+10"]

1. e4 c5 2. Nf3 Nc6 3. d4 cxd4 4. Nxd4 g6 5. c4 Nf6 6. Nc3 d6 7. Be2 Nxd4
8. Qxd4 Bg7 9. Be3 O-O 10. Qd2 Be6 11. O-O Qa5 12. f3 a6 13. Rab1 Rfc8 14.
b3 b5 15. b4 Qc7 16. Nd5 Nxd5 17. cxd5 Bd7 18. Rfc1 Qd8 19. Bd4 Rxc1+ 20.
Rxc1 Rc8 21. Bxg7 Rxc1+ 22. Qxc1 Kxg7 23. Qc3+ f6 24. Kf1 Qc8 25. Qxc8 Bxc8
26. Kf2 { Game drawn by mutual agreement } 1/2-1/2

[Event "ICC tourney 2463 (45 10)"]
[Site "Internet Chess Club"]
[Date "2021.03.20"]
[Round "4"]
[White "NGO, BACH:Dking135799"]
[Black "Volkov, Sergey:Volkov"]
[Result "0-1"]
[ICCResult "White resigns"]
[WhiteElo "2251"]
[BlackElo "2607"]
[Opening "QGD Slav: exchange variation"]
[ECO "D13"]
[NIC "SL.02"]
[Time "18:32:33"]
[PlyCount "52"]
[TimeControl "2700+10"]

1. d4 d5 2. Nf3 Nf6 3. c4 c6 4. cxd5 cxd5 5. Nc3 Nc6 6. Bf4 Nh5 7. Be3 e6
8. g3 Bd6 9. Bg2 O-O 10. O-O Bd7 11. Bc1 f5 12. b3 Nf6 13. Nb5 Be7 14. Ba3
Qa5 15. Bxe7 Nxe7 16. a4 Bxb5 17. axb5 Qxb5 18. e3 Nc6 19. Qb1 Ne4 20. Rc1
Rac8 21. Bf1 Qb6 22. Qa2 Rc7 23. Ne5 Nxe5 24. dxe5 a6 25. Bd3 Nc5 26. Bf1
Rfc8 { White resigns } 0-1

[Event "ICC tourney 2463 (45 10)"]
[Site "Internet Chess Club"]
[Date "2021.03.20"]
[Round "4"]
[White "ZENG, ELBERT:investigator"]
[Black "MANGALAM, SHREYA:mangolamb"]
[Result "1-0"]
[ICCResult "Black resigns"]
[WhiteElo "2084"]
[BlackElo "2098"]
[Opening "Catalan: closed, 5.Nf3"]
[ECO "E06"]
[NIC "CA.04"]
[Time "18:32:26"]
[PlyCount "99"]
[TimeControl "2700+10"]

1. c4 e6 2. g3 d5 3. Nf3 Nf6 4. d4 Be7 5. Bg2 c6 6. O-O O-O 7. Qc2 b6 8.
Nbd2 Bb7 9. e4 Na6 10. a3 c5 11. exd5 exd5 12. b3 dxc4 13. Qxc4 Rc8 14. Bb2
cxd4 15. Qxd4 Qxd4 16. Nxd4 Bxg2 17. Kxg2 Nc5 18. Nf5 Bd8 19. Rac1 Rc7 20.
b4 Ne6 21. Nc4 Nd7 22. Ncd6 Rxc1 23. Rxc1 Bf6 24. Bxf6 Nxf6 25. Ne7+ Kh8
26. Rc8 g6 27. Nxf7+ Kg7 28. Nd6 Nd7 29. f4 Rxc8 30. Ndxc8 a6 31. Nd5 b5
32. Kf2 Nd4 33. Nc7 Nb8 34. Ke3 Nc2+ 35. Ke4 Nxa3 36. Kd5 Nc4 37. Nd6 Nb6+
38. Ke6 Nc4 39. Nb7 Ne3 40. Nc5 Nc6 41. N5xa6 Nc2 42. Nd5 N6d4+ 43. Kd6 Na1
44. Nac7 Nab3 45. Ne6+ Nxe6 46. Kxe6 Nd4+ 47. Kd6 Nc2 48. Kc5 Na3 49. Nc3
Kf6 50. Nxb5 { Black resigns } 1-0

[Event "ICC tourney 2463 (45 10)"]
[Site "Internet Chess Club"]
[Date "2021.03.20"]
[Round "4"]
[White "SLADE, THEODORE LUKE:MrNormalName"]
[Black "SHEEHAN, ETHAN THOMAS:Chessking2008"]
[Result "1-0"]
[ICCResult "Black resigns"]
[WhiteElo "2166"]
[BlackElo "2196"]
[Opening "King's Indian: 6.Be2"]
[ECO "E91"]
[NIC "KI.19"]
[Time "18:33:22"]
[PlyCount "123"]
[TimeControl "2700+10"]

1. d4 Nf6 2. c4 g6 3. Nc3 Bg7 4. e4 d6 5. Nf3 O-O 6. Be2 c5 7. O-O Bg4 8.
d5 e6 9. dxe6 fxe6 10. e5 dxe5 11. Nxe5 Qxd1 12. Bxd1 Bxd1 13. Rxd1 Na6 14.
Bg5 Nh5 15. Ng4 Bd4 16. Rd2 Kh8 17. Re1 Rae8 18. Nb5 e5 19. Rde2 Nf4 20.
Bxf4 Rxf4 21. Nxd4 Rxg4 22. Nf3 e4 23. Nd2 Nb4 24. f3 Rf4 25. Rxe4 Rfxe4
26. Nxe4 b6 27. Rd1 Re7 28. a3 Nc6 29. Kf2 Kg7 30. Rd6 Ne5 31. b3 h6 32. h4
Rc7 33. Nf6 Rf7 34. Ne8+ Kf8 35. Nf6 Kg7 36. Ne4 Rc7 37. h5 g5 38. Ng3 Rf7
39. Ke3 Rf6 40. Ke4 Rxd6 41. Nf5+ Kf6 42. Nxd6 Ke6 43. Nf5 Nf7 44. Ng7+ Kf6
45. Ne8+ Ke7 46. Nc7 Kd7 47. Nb5 a6 48. Nc3 Ke6 49. Nd5 Nd6+ 50. Kd3 Ke5
51. Nxb6 Kf4 52. Nd5+ Kg3 53. Ne3 a5 54. Ke2 Nf7 55. Kf1 Nd6 56. Kg1 Kh4
57. g4 Kh3 58. Nf5 Nf7 59. Kf2 Ne5 60. Nxh6 a4 61. bxa4 Nxc4 62. Nf7 {
Black resigns } 1-0

[Event "ICC tourney 2463 (45 10)"]
[Site "Internet Chess Club"]
[Date "2021.03.20"]
[Round "4"]
[White "VAKHIDOV, JAKHONGIR:TjkTiger"]
[Black "IVANOV, ALEXANDER:marble"]
[Result "1/2-1/2"]
[ICCResult "Game drawn by mutual agreement"]
[WhiteElo "2610"]
[BlackElo "2506"]
[Opening "English: four knights, Nimzovich variation"]
[ECO "A28"]
[NIC "EO.21"]
[Time "18:33:22"]
[PlyCount "80"]
[TimeControl "2700+10"]

1. c4 e5 2. Nc3 Nc6 3. Nf3 Nf6 4. e4 Bb4 5. d3 d6 6. a3 Bc5 7. b4 Bd4 8.
Nxd4 Nxd4 9. Ne2 c5 10. Nxd4 cxd4 11. f4 a5 12. Bd2 axb4 13. axb4 Bg4 14.
Rxa8 Qxa8 15. Be2 Bxe2 16. Qxe2 Qa1+ 17. Qd1 Qa3 18. fxe5 dxe5 19. O-O Qxd3
20. Qa4+ Ke7 21. Qb5 Qxd2 22. Qxe5+ Kd7 23. Qb5+ Kc7 24. Qc5+ Kd7 25. e5
Qe3+ 26. Kh1 Rc8 27. Qd6+ Ke8 28. exf6 g6 29. h3 Rd8 30. Qc5 Qe4 31. Qg5 d3
32. Qd2 Kd7 33. Re1 Qd4 34. Re7+ Kc8 35. Qa2 Kb8 36. Qa5 Qd6 37. Qb5 Qc6
38. Qe5+ Qd6 39. Qb5 Qc6 40. Qe5+ Qd6 { Game drawn by mutual agreement }
1/2-1/2

[Event "ICC tourney 2463 (45 10)"]
[Site "Internet Chess Club"]
[Date "2021.03.20"]
[Round "4"]
[White "Vittal, Sanjana:MCTS13"]
[Black "LANCMAN, KYLE B:Kyle2007"]
[Result "1-0"]
[ICCResult "Black resigns"]
[WhiteElo "2196"]
[BlackElo "2049"]
[Opening "Sicilian: accelerated fianchetto, modern variation with Bc4"]
[ECO "B35"]
[NIC "SI.44"]
[Time "18:32:35"]
[PlyCount "97"]
[TimeControl "2700+10"]

1. e4 c5 2. Nc3 g6 3. Nf3 Bg7 4. d4 cxd4 5. Nxd4 Nc6 6. Be3 Nf6 7. Bc4 O-O
8. Bb3 a5 9. f3 d5 10. Bxd5 Nxd5 11. Nxd5 f5 12. Nxc6 bxc6 13. Nb6 Rb8 14.
Qxd8 Rxd8 15. Rd1 Rxd1+ 16. Kxd1 fxe4 17. Nxc8 Rxc8 18. b3 exf3 19. gxf3 a4
20. Ke2 Ra8 21. Bc5 axb3 22. axb3 Rd8 23. c4 Kf7 24. b4 Bd4 25. Rd1 e5 26.
f4 Re8 27. Bxd4 exd4+ 28. Kd3 Rb8 29. Rb1 c5 30. b5 Rb6 31. Ra1 Re6 32.
Ra7+ Kf6 33. Rc7 Re3+ 34. Kd2 Rh3 35. Rxc5 Rxh2+ 36. Kd3 Rb2 37. Kxd4 h5
38. Re5 h4 39. Re1 Rb3 40. Kc5 Kf5 41. Rf1 h3 42. b6 h2 43. Kc6 Rf3 44. Rh1
Rf2 45. b7 Rb2 46. Rxh2 Rxh2 47. b8=Q Rf2 48. Qe5+ Kg4 49. Qg5+ { Black
resigns } 1-0

[Event "ICC tourney 2463 (45 10)"]
[Site "Internet Chess Club"]
[Date "2021.03.20"]
[Round "4"]
[White "CHEN, RYO WENYU:e4f5"]
[Black "PARK, EVAN:espark"]
[Result "1-0"]
[ICCResult "Black resigns"]
[WhiteElo "2308"]
[BlackElo "2328"]
[Opening "Sicilian: Taimanov variation"]
[ECO "B46"]
[NIC "SI.39"]
[Time "18:32:32"]
[PlyCount "165"]
[TimeControl "2700+10"]

1. e4 c5 2. Nf3 e6 3. d4 cxd4 4. Nxd4 Nc6 5. Nc3 a6 6. Be2 Nxd4 7. Qxd4 Ne7
8. Be3 b5 9. O-O Nc6 10. Qd2 Bb7 11. f4 Be7 12. Bf3 Qc7 13. e5 Na5 14. b3
Bxf3 15. Rxf3 Rc8 16. Bf2 Bb4 17. Rd1 O-O 18. Nd5 exd5 19. Qxb4 Qxc2 20.
Qe1 Nc6 21. Rd2 Qe4 22. Qxe4 dxe4 23. Re3 Nb4 24. Rxe4 Rc1+ 25. Re1 Rfc8
26. Kf1 h5 27. Rxc1 Rxc1+ 28. Ke2 Ra1 29. Bc5 a5 30. Bxb4 axb4 31. Kf3 Rf1+
32. Ke3 Re1+ 33. Kf2 Ra1 34. Kg3 Kf8 35. Rxd7 Rxa2 36. Rd4 Rc2 37. Rxb4 Rc5
38. Kh4 g6 39. h3 Ke7 40. g4 hxg4 41. hxg4 f6 42. exf6+ Kxf6 43. Rd4 Ke6
44. Rd3 Ke7 45. Kg3 Ke6 46. Kf3 Rc1 47. Ke4 Rg1 48. f5+ gxf5+ 49. gxf5+ Kf6
50. Rd6+ Kf7 51. Rb6 b4 52. Kd3 Rg3+ 53. Kc4 Rg4+ 54. Kc5 Rg5 55. Kxb4 Rxf5
56. Rd6 Ke7 57. Rd3 Rf8 58. Kc5 Rc8+ 59. Kb6 Ke6 60. b4 Rb8+ 61. Kc5 Rc8+
62. Kb5 Rb8+ 63. Kc4 Rc8+ 64. Kb3 Rb8 65. Rd1 Ke5 66. Rd7 Ke6 67. Rd4 Ke5
68. Kc3 Ke6 69. Kc4 Rc8+ 70. Kb5 Ke5 71. Rd7 Ke6 72. Rb7 Kd6 73. Ka6 Kc6
74. b5+ Kc5 75. b6 Kc6 76. Ka7 Kd6 77. Rh7 Rc1 78. b7 Ra1+ 79. Kb8 Ra2 80.
Rh3 Kd7 81. Rd3+ Ke6 82. Rd4 Ke5 83. Rb4 { Black resigns } 1-0

[Event "ICC tourney 2463 (45 10)"]
[Site "Internet Chess Club"]
[Date "2021.03.20"]
[Round "5"]
[White "SHEEHAN, ETHAN THOMAS:Chessking2008"]
[Black "REMPE, JONAS JAKOB RAZA:Drachekokosnuss"]
[Result "1/2-1/2"]
[ICCResult "Game drawn by repetition"]
[WhiteElo "2196"]
[BlackElo "2100"]
[Opening "King's Indian: Kazakh variation"]
[ECO "E91"]
[NIC "KI.19"]
[Time "21:01:41"]
[PlyCount "191"]
[TimeControl "2700+10"]

1. d4 Nf6 2. c4 g6 3. Nc3 Bg7 4. e4 d6 5. Nf3 O-O 6. Be2 Na6 7. O-O e5 8.
Qc2 exd4 9. Nxd4 Nc5 10. Rd1 Re8 11. f3 Ne6 12. Be3 Nxd4 13. Bxd4 Be6 14.
Bf1 Nd7 15. Bxg7 Kxg7 16. Qd2 Nb6 17. Rac1 c6 18. b3 Qf6 19. Qxd6 Red8 20.
e5 Qg5 21. Qc5 Nd7 22. Ne4 Qxc1 23. Rxc1 Nxc5 24. Nxc5 b6 25. Ne4 Rd4 26.
Kf2 Rad8 27. Be2 c5 28. Ke3 Bf5 29. Nd6 R4xd6 30. exd6 Rxd6 31. g4 Be6 32.
Rd1 Rxd1 33. Bxd1 Kf6 34. Ke4 Ke7 35. g5 Kd6 36. a3 Bf5+ 37. Ke3 Ke5 38.
f4+ Kd6 39. Bf3 Be6 40. Be2 a5 41. Bd3 Bg4 42. Kd2 Ke6 43. Be4 Kd6 44. Kc3
Be6 45. b4 cxb4+ 46. axb4 axb4+ 47. Kxb4 Kc7 48. c5 bxc5+ 49. Kxc5 Kd7 50.
h4 Bg4 51. Kd5 Ke7 52. Ke5 Bd1 53. f5 Bg4 54. f6+ Kd7 55. Bd5 Ke8 56. Kd6
Bh5 57. Bc6+ Kf8 58. Kd7 Bg4+ 59. Kd8 Bh5 60. Bd5 Bg4 61. Kc7 Bh5 62. Kd6
Bd1 63. Bc6 Bh5 64. Ke5 Bd1 65. Kf4 Bh5 66. Bf3 Bxf3 67. Kxf3 Ke8 68. Ke4
Kd7 69. Kd5 Kc7 70. Kc5 Kd7 71. Kb6 Kd6 72. Kb7 Kd7 73. Kb6 Kd6 74. Kb7 Kd7
75. Kb8 Kd8 76. Kb7 Kd7 77. Kb6 Kd6 78. Kb7 Kd7 79. Kb6 Kd6 80. Kb7 Kd7 81.
Kb6 Kd6 82. Kb7 Kd7 83. Kb6 Kd6 84. Kb7 Kd7 85. Kb6 Kd6 86. Kb7 Kd7 87. Kb6
Kd6 88. Kb7 Kd7 89. Kb6 Kd6 90. Kb7 Kd7 91. Kb6 Kd6 92. Kb7 Kd7 93. Kb6 Kd6
94. Kb7 Kd7 95. Kb6 Kd6 96. Kb7 { Game drawn by repetition } 1/2-1/2